 Dungeon Crawl Stone Soup version 0.29.0-4-gdea44cf6ec (webtiles) character file.

Game seed: 4761672402968377615

40 qw the Chopper (level 3, -2/21 HPs)
             Began as a Tengu Warper on Aug 28, 2022.
             Slain by Terence
             ... wielding a +0 flail
              (6 damage)
             ... on level 2 of the Dungeon.
             The game lasted 00:00:09 (1425 turns).

qw the Chopper (Tengu Warper)                       Turns: 1425, Time: 00:00:09

Health: -2/21      AC:  5    Str: 13    XL:     3   Next: 50%
Magic:  7/7        EV: 11    Int: 13    God:
Gold:   67         SH:  0    Dex: 13    Spells: 6/6 levels left

rFire   . . .      SeeInvis .   Y - +0 hand axe
rCold   . . .      Faith    .   (no shield)
rNeg    . . .      Spirit   .   e - +0 ring mail
rPois   .          Reflect  .   (helmet restricted)
rElec   .          Harm     .   (no cloak)
rCorr   .          Rampage  .   (no gloves)
Will    .....                   (boots unavailable)
Stlth   +.........              (no amulet)
HPRegen 0.07/turn               (no ring)
MPRegen 0.10/turn               (no ring)

@: about to teleport
A: beak, talons 3
a: no special abilities


You were on level 2 of the Dungeon.
You visited 1 branch of the dungeon, and saw 2 of its levels.

You collected 67 gold pieces.


Innate Abilities, Weirdness & Mutations

You have a beak for a mouth.
You have claws for feet.


   Skills:
 - Level 2.0 Fighting
 + Level 4.2 Axes
 - Level 1.0 Throwing
 - Level 1.1 Armour
 - Level 2.1 Dodging
 - Level 2.0 Spellcasting
 - Level 2.4 Translocations


You had 6 spell levels left.
You didn't know any spells.
Your spell library contained the following spells:

 Spells                   Type           Power      Damage    Failure   Level
 Blink                    Tloc           14%        N/A       30%         2
 Gell's Gravitas          Tloc           7%         N/A       52%         3
 Lesser Beckoning         Tloc           7%         N/A       52%         3
 Teleport Other           Tloc           7%         N/A       52%         3
 Manifold Assault         Tloc           7%         N/A       99%         5

Inventory:

Hand Weapons
 j - a +0 whip
 Y - a +0 hand axe (weapon)
Missiles
 i - 4 javelins (quivered)
Armour
 e - a +0 ring mail (worn)
Jewellery
 l - an amulet of regeneration
Scrolls
 a - a scroll of butterflies {unknown}
Potions
 c - a potion of curing {unknown}
 d - a potion of ambrosia {unknown}
 f - a potion of cancellation {unknown}
 g - a potion of lignification {unknown}
 h - a potion of mutation {unknown}
 k - a potion of invisibility {unknown}

Dungeon Overview and Level Annotations

Branches:
Dungeon (2/15)

Altars:

Annotations:
D:2 Terence


Message History

You throw a javelin.
The javelin barely misses the frilled lizard.
Throw: 4 javelins
Press: ? - help, Q - select action Shift-Dir - straight line, f/p - frilled lizard You throw a javelin.
The javelin pierces through the frilled lizard.
The frilled lizard is heavily wounded.
You hit the frilled lizard.
You kill the frilled lizard!
l - an amulet of regeneration
i - 6 javelins (gained 3)
You open the door.
There is an open door here.
Found a faded altar of an unknown god.
Terence the Incautious comes into view.
He is wielding a +0 flail and wearing a +3 scale mail of fire resistance.
Enter note:
Enter note:
Enter note:
Enter note:
Enter note: Throw: 6 javelins
Press: ? - help, Q - select action Shift-Dir - straight line, f - Terence You throw a javelin.
The javelin closely misses Terence.
Throw: 5 javelins
Press: ? - help, Q - select action Shift-Dir - straight line, f/p - Terence You throw a javelin.
The javelin pierces through Terence but does no damage.
You barely miss Terence. Your kick misses Terence. Terence closely misses you.
You closely miss Terence. You peck Terence, but do no damage.
Terence hits you with a +0 flail!
You completely miss Terence. Your kick misses Terence.
Terence closely misses you.
You hit Terence but do no damage. Terence hits you with a +0 flail!
1425 ||| READING scroll of teleportation.
As you read the scroll of teleportation, it crumbles to dust.
You feel strangely unstable. Terence hits you with a +0 flail.
You die...

## .# .# %# .# ######### ## .#
#.@..((....# .# #@########.# .#
#.#........#######
.###############.#.#####........#
.......................+........#
################.#.#####........#
.# #..................# .#
######.#####........# .######
#..........#...)....# ......##
#.####.###.#........#


You could see Terence.

Vanquished Creatures
  2 dart slugs
  4 endoplasms
  A giant cockroach (D:1)
  5 goblins
  3 hobgoblins (D:1)
  2 kobolds (D:1)
  A quokka (D:1)
  5 ball pythons
  4 bats
  4 frilled lizards
  5 rats
36 creatures vanquished.

Notes
Turn   | Place    | Note
-------+----------+-------------------------------------------
     0 | D:1      | qw the Tengu Warper began the quest for the Orb.
     0 | D:1      | Reached XP level 1. HP: 12/12 MP: 4/4
     0 | D:1      | 0 ||| qw: Version: 0.1-a-89-g26bdef1
     0 | D:1      | 0 ||| qw: Game counter: 2817
     0 | D:1      | 0 ||| qw: Always use a shield: true
     0 | D:1      | 0 ||| qw: God list: Okawaru
     0 | D:1      | 0 ||| qw: Allow faded altars: false
     0 | D:1      | 0 ||| qw: Do Orc after D:15 true
     0 | D:1      | 0 ||| qw: Do second Lair branch before Depths: true
     0 | D:1      | 0 ||| qw: Lair rune preference: random
     0 | D:1      | 0 ||| qw: Plans: Normal
     0 | D:1      | 0 ||| PLANNING D:1-11
   191 | D:1      | 191 ||| Stepping ~*~*~tactically~*~*~ (stealth).
   199 | D:1      | Reached skill level 3 in Axes
   199 | D:1      | Reached XP level 2. HP: 17/17 MP: 6/6
   529 | D:1      | 529 ||| Stepping ~*~*~tactically~*~*~ (stealth).
   530 | D:1      | 530 ||| Stepping ~*~*~tactically~*~*~ (stealth).
   575 | D:1      | Reached XP level 3. HP: 21/21 MP: 7/7
   742 | D:1      | 742 ||| UPGRADING to +0 ring mail.
   752 | D:1      | 752 ||| DROPPING +0 leather armour.
   753 | D:1      | 753 ||| READING scroll labelled VUOHOL XOSK.
   758 | D:1      | 758 ||| READING scroll labelled NEVAUPH SOEJIKH.
   759 | D:1      | 759 ||| READING scroll labelled ELODWO FUYCK.
   760 | D:1      | 760 ||| DROPPING scroll of blinking.
   810 | D:2      | 810 ||| Stepping randomly (stuck).
   984 | D:2      | Reached skill level 4 in Axes
  1363 | D:2      | Found a faded altar of an unknown god.
  1417 | D:2      | Noticed Terence
  1424 | D:2      | HP: 4/21 [Terence/+0 flail (10)]
  1425 | D:2      | 1425 ||| READING scroll of teleportation.
  1425 | D:2      | Slain by Terence

Levels and vault maps discovered:
D:1:      lightli_arrival_chessboard, layout_basic
D:2:      layout_basic, shapermc_ecumenical_altar_totnotflames,
          nicolae_concentric_dashed_squares_wild, hangedman_decor_riveting,
          uniq_terence

Skill      XL: |  1  2  3 |
---------------+----------+-----
Axes           | 3 4 |  4.2
Fighting       | |  2.0
Throwing       | |  1.0
Armour         | |  1.1
Dodging        | |  2.1
Spellcasting   | |  2.0
Translocations | |  2.4

Action                   || total
-------------------------++-------
Melee: Hand axe          ||    63
       Kick              ||    16
       Peck              ||    11
       Punch             ||     1
Throw: Boomerang         ||     7
       Javelin           ||     6
  Use: Scroll            ||     4
Armor: Leather armour    ||     9
       Ring mail         ||     6
Dodge: Dodged            ||    21

Table legend:
 A = Non-vault XP
 B = Vault XP
 C = Vault XP percentage of total XP
 D = Non-vault monster count
 E = Vault monster count
 F = Vault count percentage of total count
                 A         B        C        D         E       F
            +---------+---------+-------+---------+---------+-------
      Total |      58 |       0 |   0.0 |      36 |       0 |   0.0
            +---------+---------+-------+---------+---------+-------
        D:1 |      36 |       0 |   0.0 |      23 |       0 |   0.0
        D:2 |      22 |       0 |   0.0 |      13 |       0 |   0.0
            +---------+---------+-------+---------+---------+-------
